 Dungeon Crawl Stone Soup version 0.31-a0-4-gefa6de2278 (webtiles) character file.

Game seed: 16730656392686980513

3 mandoloar the Shield-Bearer (level 1, 0/18 HPs)
             Began as a Formicid Fighter on May 4, 2023.
             Succumbed to a kobold's poison
             ... on level 1 of the Dungeon.
             The game lasted 00:00:50 (177 turns).

mandoloar the Shield-Bearer (Formicid Fighter)       Turns: 177, Time: 00:00:50

Health: 0/18       AC:  6    Str: 20    XL:     1   Next: 55%
Magic:  1/1        EV:  9    Int:  7    God:
Gold:   0          SH:  5    Dex: 13    Spells: 0/0 levels left

rFire   . . .        a - +0 war axe
rCold   . . .        c - +0 buckler
rNeg    . . .        b - +0 scale mail
rPois   .            (helmet unavailable)
rElec   .            (no cloak)
rCorr   .            (no gloves)
SInv    +            (no boots)
Will    .....        (no amulet) Stlth
                     (no ring)
HPRegen 0.23/turn    (no ring)
MPRegen 0.07/turn

%: no passive effects
@: lethally poisoned (0 -> -12)
A: permanent stasis, dig shafts and tunnels, antennae 3, four strong arms
a: Dig, Shaft Self


You were on level 1 of the Dungeon.
You visited 1 branch of the dungeon, and saw 1 of its levels.

Inventory:

Hand Weapons
 a - a +0 war axe (weapon)
Missiles
 k - 4 poisoned darts
Armour
 b - a +0 scale mail (worn)
 c - a +0 buckler (worn)
Scrolls
 e - 2 scrolls of magic mapping {unknown}
Potions
 d - a potion of might


   Skills:
 + Level 3.4 Fighting
 + Level 2.1 Axes
 - Level 3.2 Armour
 - Level 4.0 Shields


You couldn't memorise any spells.
You didn't know any spells.
Your spell library was empty.

Dungeon Overview and Level Annotations

Branches:
Dungeon (1/15)

Altars:


Innate Abilities, Weirdness & Mutations

You cannot be hasted, slowed, berserked, paralysed or teleported.
You can dig through walls and to a lower floor.
You have a pair of large antennae on your head. (SInv)
Your four strong arms can wield two-handed weapons with a shield.


Message History

You slash the rat!
You kill the rat!
The quokka bites you.
You hit the quokka.
You kill the quokka!
You see here a quokka corpse.
HP restored.
e - a scroll labelled HELOIT RAALOSH You sense a monster nearby.
A rat comes into view.
The rat bites you.
You closely miss the rat. The rat completely misses you.
You slash the rat!
You kill the rat!
You see here a rat corpse.
e - 2 scrolls labelled HELOIT RAALOSH (gained 1)
A kobold comes into view. It is wielding a +1 dagger of venom.
The kobold shouts!
The kobold hits you but does no damage.
You are poisoned.
You barely miss the kobold.
You feel sick. The kobold barely misses you.
You hit the kobold.
The kobold is moderately wounded.
You feel sick.
The kobold hits you with a +1 dagger of venom.
You are more poisoned.
The kobold hits you with a +1 dagger of venom.
You are more poisoned.
You hit the kobold.
You kill the kobold!
* * * LOW HITPOINT WARNING * * *
You feel extremely sick.
* * * LOW HITPOINT WARNING * * *
You feel very sick.
Things that are here:
a +1 dagger of venom; a kobold corpse
There is a lethal amount of poison in your body!
Okay, then.
There is a lethal amount of poison in your body!
You die...

#.##..................
#.....................
#........###...###...# ####
#........# #...# #...#
...###### #.##.....# #...#
#...# ##......# #.##..####
##### ##### ######.#
#.###.# #†#
#.....################ #.#
#@................ #.####
#.#############.#. #.##..
...# #.#. #.##.# #####
###.#. #.##.# #..... #.##.#
#########..... #.##.#######
#.............
#..........###.#######.....
####.####...##.# #.....


There were no monsters in sight!

Vanquished Creatures
  A quokka (D:1)
  A kobold (D:1)
  2 rats (D:1)
4 creatures vanquished.

Notes
Turn   | Place    | Note
-------+----------+-------------------------------------------
     0 | D:1      | mandoloar the Formicid Fighter began the quest for the Orb.
     0 | D:1      | Reached XP level 1. HP: 18/18 MP: 1/1
   177 | D:1      | Succumbed to a kobold's poison

Illustrated notes

Levels and vault maps discovered:
D:1:      minmay_arrival_hallway, layout_loops_ring, minmay_nonomino_d4

Action                     || total
---------------------------++-------
  Melee: War axe           ||    11
 Armour: Scale mail        ||     1
  Dodge: Dodged            ||     5
  Block: Buckler           ||     2

Table legend: (Time is in decaauts)
 A = Elapsed time spent in this place.
 B = Non-inter-level travel time spent in this place.
 C = Inter-level travel time spent in this place.
 D = Time resting spent in this place.
 E = Time spent auto-exploring this place.
 F = Levels seen in this place.
 G = Mean time per level.
                   A        B        C        D        E       F      G
               +--------+--------+--------+--------+--------+-----+--------+
         Total |    181 |    181 |      0 |      0 |    148 |   1 |  181.0 |
       Dungeon |    181 |    181 |      0 |      0 |    148 |   1 |  181.0 |
               +--------+--------+--------+--------+--------+-----+--------+

Top non-repeatable levels by time:
     D:1: 181 daAuts
